Map: Ice and Chrome LE

Players

Osiris

  • Race: Terran Terran
  • League: Master
  • Spawn Location: 1:00

NeoOvO - Winner!

  • Race: Protoss Protoss
  • League: Master
  • Spawn Location: 7:00

VOD

Have the link to the VOD?

Description

Time

  • Played on: July 2, 2020, 5:56 p.m.
  • Length: 16:23
Show
View Real Time Build Order
Export as new Build Order

Osiris Terran 

Build Orders: Reaper Expand, Mech, Banshee Rush 

Get SALT Encoding   

  12  0:01  SCV  
  13  0:13  SCV  
  14  0:17  Supply Depot  
  14  0:25  SCV  
  15  0:39  SCV  
  15  0:40  Barracks  
  16  0:43  Refinery  
  16  0:51  SCV  
  17  1:03  SCV  
  18  1:15  SCV  
  19  1:27  Orbital Command, Reaper  
  20  1:45  Command Center  
  20  1:55  SCV  
  20  1:56  Supply Depot  
  21  2:01  Marine  
  21  2:07  SCV  
  23  2:12  Factory  
  23  2:19  SCV  
  24  2:23  Barracks Reactor  
  24  2:25  Refinery  
  24  2:31  SCV  
  25  2:43  SCV  
  25  2:56  SCV  
  25  2:58  Starport  
  26  2:59  Orbital Command  
  26  3:00  Marine x2  
  26  3:01  Factory Tech Lab  
  28  3:08  SCV  
  29  3:19  Marine x2  
  31  3:20  SCV  
  31  3:26  SCV  
  33  3:34  SCV  
  33  3:37  Factory Tech Lab  
  33  3:38  SCV  
  33  3:39  Marine x2  
  37  3:46  SCV  
  37  3:47  Bunker  
  38  3:48  Cloaking Field  
  38  3:49  Banshee  
  38  3:54  SCV  
  42  3:58  SCV, Supply Depot  
  42  4:02  Siege Tank  
  46  4:07  Refinery  
  46  4:20  SCV x2, Marine x2  
  46  4:22  Supply Depot  
  50  4:32  SCV  
  50  4:33  Banshee  
  54  4:43  Marine x2  
  54  4:44  SCV, Siege Tank  
  54  4:45  Supply Depot  
  60  4:48  SCV  
  61  4:58  SCV  
  62  5:01  Command Center  
  62  5:03  Supply Depot  
  62  5:06  SCV, Marine x2  
  65  5:11  SCV  
  66  5:16  Banshee, Siege Tank  
  66  5:18  SCV  
  73  5:27  SCV, Marine x2  
  76  5:32  Factory  
  76  5:39  Factory  
  76  5:42  SCV  
  77  5:44  SCV  
  77  5:45  Supply Depot  
  77  5:46  Refinery  
  78  6:02  Banshee, Siege Tank  
  78  6:03  SCV, Marine  
  86  6:06  Marine  
  86  6:08  Engineering Bay, Supply Depot  
  86  6:09  Supply Depot  
  87  6:16  SCV  
  88  6:19  Factory Tech Lab  
  88  6:24  Armory  
  88  6:34  Hellion x2, Infernal Pre-Igniter  
  88  6:37  Orbital Command  
  92  6:40  Supply Depot  
  92  6:42  Missile Turret x2  
  92  6:43  Supply Depot  
  92  6:44  Siege Tank  
  95  6:53  SCV  
  96  6:55  Siege Tank  
  96  6:56  Hellion  
  96  6:57  Hellion  
  103  7:01  Orbital Command  
  103  7:15  Hyperflight Rotors  
  103  7:18  Refinery  
  101  7:23  SCV  
  101  7:24  Hellion, Siege Tank  
  101  7:25  Hellion  
  107  7:34  Siege Tank  
  110  7:37  Refinery  
  109  7:46  Supply Depot  
  109  7:49  Banshee, Hellion x2, Supply Depot  
  111  7:58  Siege Tank  
  111  8:01  SCV x2  
  111  8:02  SCV  
  114  8:10  Supply Depot  
  114  8:13  Hellion x2, Siege Tank  
  114  8:16  Terran Vehicle Weapons Level 1  
  114  8:29  Factory  
  114  8:30  SCV x2  
  114  8:31  Hellion  
  118  8:47  Banshee, Hellion x2, Siege Tank  
  128  8:52  Factory  
  128  8:55  SCV x2  
  130  9:00  Command Center  
  130  9:01  Siege Tank  
  133  9:04  Supply Depot  
  133  9:06  Supply Depot  
  133  9:11  Armory, SCV x2  
  133  9:12  SCV  
  116  9:22  Siege Tank  
  116  9:23  Hellion x2, Factory Tech Lab  
  103  9:38  Cyclone, Factory Reactor  
  100  9:40  Mag-Field Accelerator  
  100  9:41  Smart Servos  
  100  9:52  Siege Tank  
  90  9:53  Hellion x2  
  90  9:56  Hellion  
  84  10:07  Banshee  
  84  10:09  Terran Vehicle And Ship Armor Level 1  
  84  10:10  Hellion  
  89  10:14  Hellion x2  
  85  10:23  Hellion x3  
  81  10:34  Hellion x2, Orbital Command  
  81  10:36  Hellion  
  81  10:39  Engineering Bay  
  81  10:40  Engineering Bay, Hellion  
  85  10:45  Hellion x2  
  80  10:56  Siege Tank  
  80  10:57  Hellion x2  
  80  10:59  Planetary Fortress  
  80  11:00  SCV  
  80  11:03  Hellion x2  
  85  11:05  Banshee  
  85  11:10  Hellion x2  
  90  11:16  Terran Vehicle Weapons Level 2  
  89  11:18  Hellion  
  89  11:22  SCV x2  
  89  11:23  Refinery  
  89  11:24  Cyclone  
  94  11:27  Refinery  
  94  11:29  Cyclone, Hellion x2  
  101  11:37  Orbital Command  
  101  11:46  SCV  
  103  11:47  SCV x2  
  103  11:48  Hellion x2, Siege Tank  
  103  11:50  Hellion  
  113  11:55  Missile Turret  
  113  11:59  Missile Turret, Hellion, Siege Tank  
  118  12:01  Missile Turret  
  118  12:02  Hellion  
  114  12:18  Orbital Command  
  101  12:23  Siege Tank  
  101  12:24  Hellion x3  
  101  12:34  Engineering Bay  
  95  12:48  Siege Tank x2  
  95  12:49  Hellion x3  
  105  12:53  Hellion  
  105  12:54  Terran Vehicle And Ship Armor Level 2  
  105  12:55  Hellion  
  105  12:57  Banshee  
  112  13:04  Command Center  
  111  13:16  Siege Tank  
  111  13:17  Hellion x2  
  115  13:30  Hellion  
  115  13:31  Hellion x2  
  115  13:35  Siege Tank  
  115  13:36  SCV  
  115  13:38  Hellion x2  
  91  13:49  Hellion  
  91  13:51  Supply Depot  
  91  13:52  Hellion, Siege Tank  
  98  14:00  Hellion x2  
  82  14:14  Hellion x2  
  70  14:21  Hellion x2  
  61  14:26  Orbital Command  
  61  14:31  SCV x2  
  55  14:47  SCV x2  
  57  14:53  SCV  
  57  14:55  Orbital Command  
  57  14:59  SCV x2  
  60  15:05  SCV, Factory Tech Lab, Siege Tank  
  64  15:11  SCV x2  
  64  15:12  Hellion x2  
  63  15:26  SCV  
  63  15:27  SCV  
  65  15:28  Refinery  
  65  15:32  Orbital Command  
  65  15:34  Hellion x2, Siege Tank  
  73  15:36  Factory Reactor  
  74  15:46  SCV x3  
  77  15:53  Hellion  
  82  15:57  Hellion  
  84  16:10  Engineering Bay  
Show
View Real Time Build Order
Export as new Build Order

NeoOvO Protoss - Winner!

Build Orders: 1 Gate Expand, Phoenix Opening, Colossus Rush 

Get SALT Encoding   

  12  0:00  Probe  
  13  0:13  Probe  
  14  0:19  Pylon  
  14  0:27  Probe  
  15  0:35  Probe  
  15  0:40  Gateway  
  16  0:43  Probe  
  16  0:49  Assimilator  
  17  0:54  Probe  
  18  1:06  Probe  
  19  1:18  Probe  
  20  1:25  Nexus  
  20  1:34  Cybernetics Core  
  20  1:40  Assimilator  
  20  1:44  Pylon  
  20  1:51  Probe  
  21  2:00  Probe  
  18  2:01  Adept  
  21  2:08  Probe  
  25  2:28  Probe  
  26  2:38  Probe  
  26  2:40  Probe  
  26  2:43  Stargate  
  28  2:46  Probe  
  28  2:51  Warp Gate  
  29  2:52  Adept, Probe  
  29  2:54  Probe  
  33  3:04  Probe  
  33  3:05  Probe  
  35  3:16  Probe  
  35  3:17  Probe  
  37  3:20  Phoenix  
  37  3:22  Adept  
  39  3:28  Pylon, Probe  
  39  3:29  Probe  
  43  3:40  Probe  
  44  3:41  Probe  
  44  3:44  Phoenix  
  47  3:50  Gateway x2  
  47  3:52  Probe  
  47  3:53  Probe  
  49  4:05  Probe  
  49  4:06  Robotics Facility  
  49  4:09  Phoenix  
  52  4:10  Pylon  
  52  4:17  Probe  
  52  4:19  Shield Battery  
  52  4:21  Pylon  
  53  4:25  Assimilator  
  53  4:27  Assimilator  
  53  4:33  Nexus  
  53  4:34  Phoenix  
  55  4:42  Probe  
  56  4:46  Shield Battery  
  56  4:48  Probe  
  57  4:58  Robotics Bay  
  57  5:04  Observer  
  57  5:06  Probe x2  
  60  5:11  Twilight Council  
  60  5:14  Forge  
  60  5:18  Probe  
  61  5:24  Probe  
  61  5:41  Colossus  
  60  5:48  Probe  
  61  5:50  Protoss Ground Weapons Level 1, Probe x2  
  61  5:52  Charge  
  69  5:59  Extended Thermal Lance  
  69  6:01  Probe  
  69  6:02  Probe x2  
  69  6:03  Shield Battery  
  72  6:05  Zealot  
  72  6:06  Zealot x2  
  76  6:13  Pylon, Probe  
  76  6:15  Gateway  
  76  6:16  Gateway  
  75  6:19  Gateway  
  75  6:20  Colossus  
  75  6:24  Probe  
  75  6:25  Probe  
  75  6:32  Probe  
  76  6:37  Sentry, Zealot x2, Probe  
  76  6:38  Probe  
  90  6:42  Shield Battery  
  90  6:44  Probe  
  91  6:49  Probe  
  91  6:51  Probe  
  93  6:58  Gateway  
  93  6:59  Gateway  
  93  7:02  Pylon x2  
  93  7:20  Probe x3  
  93  7:22  Warp Prism  
  96  7:36  Templar Archives  
  98  7:38  Assimilator, Probe  
  98  7:42  Assimilator  
  99  7:47  Probe x2  
  99  7:50  Probe  
  102  7:53  Photon Cannon  
  102  7:55  Zealot x4  
  100  8:23  High Templar x5  
  105  8:35  Pylon, Archon x2  
  105  8:36  Pylon, High Templar  
  105  8:37  Zealot  
  105  8:38  Pylon  
  105  8:40  Archon  
  109  8:53  Probe  
  110  9:00  Pylon  
  110  9:02  Pylon, Zealot x3  
  116  9:03  Zealot x4  
  116  9:05  Gateway, Probe  
  116  9:06  Probe x2  
  97  9:17  Probe  
  97  9:20  Zealot  
  84  9:28  Zealot x7  
  86  9:51  Zealot x2  
  86  9:52  Zealot x6  
  74  10:03  Zealot  
  68  10:11  Zealot x2  
  68  10:12  Zealot x5  
  68  10:13  Zealot  
  78  10:26  Zealot  
  72  10:34  Zealot x2  
  72  10:35  Zealot x6  
  80  10:41  Colossus  
  80  10:50  Stalker  
  80  10:53  Probe x2  
  80  10:54  Probe  
  77  11:06  Nexus  
  77  11:08  Pylon  
  77  11:14  Probe x2  
  79  11:19  Pylon, High Templar x5  
  79  11:21  High Templar, Zealot x2  
  79  11:22  Zealot  
  79  11:24  Archon  
  79  11:25  Archon x2  
  97  11:33  Probe x2  
  97  11:35  Colossus  
  97  11:36  Protoss Ground Weapons Level 2  
  105  11:40  Photon Cannon  
  105  11:42  Shield Battery  
  105  11:44  High Templar x2  
  109  11:54  Blink  
  109  11:55  High Templar  
  109  11:56  High Templar x4  
  109  11:58  High Templar  
  121  12:02  Archon x3  
  121  12:03  Archon  
  121  12:09  Zealot  
  103  12:20  Zealot x2  
  98  12:28  Zealot x2  
  98  12:29  Zealot  
  101  12:35  Gateway  
  101  12:36  High Templar x3  
  105  12:37  High Templar  
  105  12:39  Gateway  
  105  12:42  Gateway, Archon x2  
  101  12:47  High Templar x2  
  105  12:51  Archon  
  105  12:54  Zealot x3  
  111  12:59  Probe x2  
  111  13:00  Probe x2  
  105  13:23  Zealot x8  
  103  13:46  High Templar x5  
  103  13:48  High Templar  
  97  13:52  Archon x2  
  97  13:53  Archon  
  97  13:54  Zealot x3  
  101  13:56  Probe x2  
  101  13:57  Probe  
  63  14:31  Warp Prism, Probe x2  
  47  14:32  Probe  
  47  14:33  High Templar x3  
  47  14:34  High Templar  
  47  14:35  Zealot x3  
  47  14:36  Zealot x3  
  68  14:39  Archon  
  68  14:40  Archon  
  70  14:49  Probe x3  
  74  14:52  Probe  
  74  14:57  Probe x3  
  74  15:01  Assimilator  
  74  15:03  High Templar x2  
  74  15:05  Probe  
  74  15:06  Probe  
  80  15:08  Archon  
  79  15:14  High Templar x4  
  79  15:15  Zealot  
  79  15:20  Archon x2  
  89  15:21  Probe  
  89  15:22  Probe x2  
  89  15:23  Probe  
  93  15:29  Probe  
  93  15:30  Probe x2  
  93  15:31  Probe  
  97  15:38  High Templar x2, Zealot  
  97  15:39  Zealot, Probe  
  106  15:43  Archon  
  106  15:45  Zealot  
  106  15:46  Zealot x2  
  106  15:48  Sentry  
  106  15:49  Sentry  
  116  15:53  Assimilator  
  116  16:11  Zealot x3  
  116  16:12  Zealot x4  
  114  16:22  Zealot x4  
Tags
 
Add a new tag
Caveats
  • Supply blocks, unpowered buildings, or Contaminate may cause inaccurate times.
  • Supply counts are checked every 10 seconds.